 Dungeon Crawl Stone Soup version 0.31-a0-848-gaac375c287 (webtiles) character file.

Game seed: 10535020364255892203

46 croobank the Sneak (level 3, -1/20 (26) HPs)
             Began as an Octopode Delver on Oct 4, 2023.
             Was an Initiate of Ashenzari.
             Slain by a goblin
             ... wielding a +5 dagger of draining
             ... led by Robin
              (6 damage)
             ... on level 2 of the Dungeon.
             The game lasted 00:02:27 (435 turns).

croobank the Sneak (Octopode Delver)                 Turns: 435, Time: 00:02:28

HP:   -1/20 (26)    AC:  1    Str: 11    XL:     3   Next: 68%
MP:   3/3           EV: 13    Int: 14    God:    Ashenzari [......]
Gold: 47            SH:  0    Dex: 13    Spells: 2/2 levels left

rFire   . . .        a - +0 short sword
rCold   . . .        (no shield)
rNeg    . . .        (helmet restricted)
rPois   .            (no amulet)
rElec   .            (no ring)
rCorr   .            (no ring)
SInv    .            (no ring)
Will    .....        (no ring)
Stlth   ++++         (no ring)
HPRegen 0.23/turn    (no ring)
MPRegen 0.08/turn    (no ring)
                     (no ring)

%: no passive effects
@: heavily drained
A: almost no armour, amphibious, 8 rings, camouflage 1, gelatinous body 1,
(nimble swimmer 1), tentacles
a: Renounce Religion


You were on level 2 of the Dungeon.
You worshipped Ashenzari.
Ashenzari was noncommittal.
You visited 2 branches of the dungeon, and saw 6 of its levels.

You collected 47 gold pieces.

Inventory:

Hand Weapons
 a - a +0 short sword (weapon)
Wands
 f - a wand of digging (2)
 h - a wand of roots (1)
Scrolls
 b - 2 scrolls of fog
 d - a scroll of amnesia {unknown}
 g - a scroll of teleportation {unknown}


   Skills:
 + Level 3.4 Fighting
 + Level 2.5 Short Blades
 + Level 2.5 Dodging
 + Level 7.0 Stealth


You had 2 spell levels left.
You didn't know any spells.
Your spell library was empty.

Dungeon Overview and Level Annotations

Branches:
Dungeon (6/15)             Temple (1/1) D:5

Altars:
Ashenzari
Elyvilon
Fedhas
Gozag
Kikubaaqudgha
Nemelex Xobeh
Qazlal
Ru
Sif Muna
Trog
Wu Jian
Zin
The Shining One

Annotations:
D:2 Robin
D:6 Blork the orc, Sigmund


Innate Abilities, Weirdness & Mutations

You cannot wear most types of armour.
You are amphibious.
You can wear up to eight rings at the same time.
Your skin changes colour to match your surroundings (Stealth+).
Your rubbery body absorbs attacks. (AC +1, EV +1)
((You are camouflaged when in or above water. (Stealth+)))
You have tentacles for arms and can constrict up to eight enemies at once.


Message History

You now have 47 gold pieces (gained 2).
A goblin comes into view. It is wielding a +0 dagger.
Robin and 2 goblins come into view.
Robin is wielding a +0 dagger of speed.
A goblin is wielding a +5 dagger of draining.
Found a book of Touch.
A goblin comes into view. It is wielding a +0 club.
Robin shouts!
The goblin shouts!
You hear a shout! x4 3 goblins come into view.
The goblin shouts!
You hear a shout!
The goblin shouts!
A goblin comes into view. It is wielding a +0 dagger.
Robin throws the goblin at you!
The goblin hits you with a +5 dagger of draining.
You feel drained.
The goblin hits you with a +5 dagger of draining.
You feel drained. Robin throws the goblin at you!
You hit the goblin. Your grab misses the goblin.
The goblin is heavily wounded.
The goblin hits you with a +5 dagger of draining.
You feel drained. The goblin barely misses you.
You closely miss the goblin. You grab the goblin. You squeeze the goblin.
You kill the goblin!
The goblin closely misses you.
The goblin hits you with a +5 dagger of draining.
* * * LOW HITPOINT WARNING * * *
You feel drained.
* * * LOW HITPOINT WARNING * * *
Aiming: Fastroot
Press: ? - help, Shift-Dir - straight line, f - goblin
Aim: a goblin, wielding a +5 dagger of draining The roots erupt in riotous growth!
Roots grab the goblin. x3
The grasping roots constrict the goblin. x3
You kill the goblin!
Robin says, "My goblins will feast on your bones."
Robin roars a battlecry!
The goblins go into a battle-frenzy!
A goblin comes into view. It is wielding a +0 club.
The goblin misses you.
The goblin hits you with a +5 dagger of draining.
You die...

#. .##..# .. ..#g.#
.##.#.. ....g ..g .
#g#.# #. ##)#.# ^# #
#gg#.## .#
#)#@##..## #.
#.#)##...## #.#.
#.........## #...
###........#########
###.....##........
##...###.#######
##......# ########


You could see Robin and 5 goblins.

Vanquished Creatures
  An orc priest (D:5)
  An adder (D:3)
  An orc (D:3)
  An endoplasm (D:3)
  A quokka (D:2)
  3 goblins
8 creatures vanquished.

Notes
Turn   | Place    | Note
-------+----------+-------------------------------------------
     0 | D:5      | croobank the Octopode Delver began the quest for the Orb.
     0 | D:5      | Reached XP level 1. HP: 16/16 MP: 1/1
    17 | D:6      | Noticed Blork the orc
    20 | D:6      | Noticed Sigmund
   103 | D:5      | Found a staircase to the Ecumenical Temple.
   103 | D:5      | Noticed an orc priest
   106 | D:5      | Killed an orc priest
   107 | D:5      | Reached skill level 7 in Stealth
   107 | D:5      | Reached XP level 2. HP: 21/21 MP: 2/2
   107 | D:5      | Reached XP level 3. HP: 26/26 MP: 3/3
   109 | Temple   | Entered the Ecumenical Temple
   125 | Temple   | Became a worshipper of Ashenzari the Shackled
   307 | D:3      | HP: 1/26 [orc/+0 trident (4)]
   428 | D:2      | Noticed Robin
   435 | D:2      | Slain by a goblin

Illustrated notes

Levels and vault maps discovered:
D:2:      layout_loops_cross, uniq_jessica, uniq_robin
D:3:      layout_rooms, amcnicky_altar_gilded,
          mainiacjoe_overflow_six_doors_small, kennysheep_slug_shrine
D:4:      kennysheep_slugbush, layout_basic, lemuel_coloured_pillars_altar,
          nicolae_titane, uniq_duvessa, uniq_grinder
D:5:      layout_loops_ring, kennysheep_little_box,
          minmay_temple_entry_proselytizer, uniq_eustachio
D:6:      layout_rooms, nicolae_overflow_two_pavilions, uniq_blork_the_orc,
          uniq_edmund, uniq_sigmund
Temple:   nicolae_temple_god_jail

Skill      XL: |  1 |
---------------+----+-----
Stealth        | 7 |  7.0
Fighting       | |  3.4
Short Blades   | |  2.5
Dodging        | |  2.5

Action                     || total
---------------------------++-------
  Melee: Short sword       ||    20
         Constrict         ||     3
         Tentacles         ||     4
  Evoke: Wand              ||     2
    Use: Scroll            ||     2
         Potion            ||     1
   Stab: Sleeping          ||     3
 Armour: Skin              ||    16
  Dodge: Dodged            ||    10

Table legend: (Time is in decaauts)
 A = Elapsed time spent in this place.
 B = Non-inter-level travel time spent in this place.
 C = Inter-level travel time spent in this place.
 D = Time resting spent in this place.
 E = Time spent auto-exploring this place.
 F = Levels seen in this place.
 G = Mean time per level.
                   A        B        C        D        E       F      G
               +--------+--------+--------+--------+--------+-----+--------+
         Total |    415 |    394 |     21 |    111 |    121 |   6 |   69.2 |
       Dungeon |    385 |    377 |      8 |    111 |    121 |   5 |   77.0 |
        Temple |     29 |     16 |     13 |      0 |      0 |   1 |   29.0 |
               +--------+--------+--------+--------+--------+-----+--------+

Top non-repeatable levels by time:
     D:5: 173 daAuts
     D:2: 106 daAuts
     D:3: 45 daAuts
     D:6: 44 daAuts
  Temple: 29 daAuts
     D:4: 15 daAuts
